 Dungeon Crawl Stone Soup version 0.29.0-5-ge4962eb29e (webtiles) character file.

Game seed: 6285797566310438150

35 Plasmagod the Chopper (level 3, -3/31 HPs)
             Began as a Minotaur Monk on Aug 28, 2022.
             Slain by a hobgoblin (6 damage)
             ... led by Robin
             ... on level 2 of the Dungeon.
             The game lasted 00:02:00 (1011 turns).

Plasmagod the Chopper (Minotaur Monk)               Turns: 1011, Time: 00:02:01

Health: -3/31      AC:  5    Str: 17    XL:     3   Next: 16%
Magic:  2/2        EV: 11    Int:  7    God:
Gold:   37         SH:  0    Dex: 12    Spells: 2/2 levels left

rFire   . . .      SeeInvis .   a - +0 hand axe
rCold   . . .      Faith    .   (no shield)
rNeg    . . .      Spirit   .   g - +0 ring mail
rPois   .          Reflect  .   (helmet restricted)
rElec   .          Harm     .   (no cloak)
rCorr   .          Rampage  .   (no gloves)
Will    .....                   (no boots)
Stlth   +.........              (no amulet)
HPRegen 0.10/turn               (no ring)
MPRegen 0.08/turn               (no ring)

@: no status effects
A: horns 2, retaliatory headbutt
a: no special abilities


You were on level 2 of the Dungeon.
You visited 1 branch of the dungeon, and saw 2 of its levels.

You collected 37 gold pieces.

Inventory:

Hand Weapons
 a - a +0 hand axe (weapon)
Armour
 g - a +0 ring mail (worn)
Scrolls
 h - a scroll of magic mapping {unknown}
 i - a scroll of vulnerability {unknown}
 j - a scroll of amnesia {unknown}
 k - 2 scrolls of blinking {unknown}
 m - a scroll of silence {unknown}
Potions
 b - a potion of curing {unknown}
 c - a potion of ambrosia
 d - a potion of resistance {unknown}
 e - a potion of flight {unknown}
 f - a potion of haste {unknown}
 l - a potion of lignification {unknown}


   Skills:
 - Level 3.6 Fighting
 + Level 5.2 Axes
 - Level 3.2 Dodging
 - Level 1.5 Stealth


You had 2 spell levels left.
You didn't know any spells.
Your spell library contained the following spells:

 Spells                   Type           Power      Damage    Failure   Level
 Necrotise                Necr           0%         1d4       65%         1
 Vampiric Draining        Necr           0%         2d6       95%         3
 Agony                    Necr           0%         N/A       100%        5


Dungeon Overview and Level Annotations

Branches:
Dungeon (2/15)

Altars:


Innate Abilities, Weirdness & Mutations

You have a pair of horns on your head.
You reflexively headbutt those who attack you in melee.


Message History

You hit the goblin.
Robin says, "Bow before me, strongest of all the hobgoblins!"
Robin hits you but does no damage. The goblin hits you but does no damage.
You hit Robin.
Robin is severely wounded.
You hit the goblin.
The hobgoblin no longer looks unusually strong.
Robin says, "Bow before me, strongest of all the hobgoblins!"
Robin hits you with a +0 spear.
* * * LOW HITPOINT WARNING * * *
The goblin hits you but does no damage.
You closely miss Robin.
Robin is severely wounded.
You hit the goblin.
You kill the goblin!
Robin throws the goblin at you!
* * * LOW HITPOINT WARNING * * *
You barely miss Robin.
Robin is severely wounded.
You closely miss the goblin.
Robin roars a battlecry!
The hobgoblin goes into a battle-frenzy!
The goblin barely misses you.
You closely miss Robin. You headbutt Robin.
You kill Robin!
You barely miss the goblin. The goblin barely misses you.
You furiously retaliate!
You headbutt the goblin.
You kill the goblin!
Your Axes skill increases to level 5!
You have reached level 3!
Your experience leads to an increase in your attributes!
Increase (S)trength, (I)ntelligence, or (D)exterity?
You feel stronger. x2
You hit the hobgoblin but do no damage. The hobgoblin completely misses you.
You furiously retaliate!
You headbutt the hobgoblin, but do no damage.
You barely miss the hobgoblin. Your headbutt misses the hobgoblin.
The hobgoblin hits you but does no damage.
You hit the hobgoblin but do no damage. The hobgoblin hits you.
You die...

. #...##................
.##......######.########
......#### #.##
##.#.##########..#
#............##.#
##.....######^##.#
........# #.##.#####..
.#.....## #..)))....?.
......## ####@######.
...<.## #g# .##...# #.#
. #.#.... #.# #...####
... ##... #.# .### ..#
.# ### .#


You could see a hobgoblin (strong).

Vanquished Creatures
  Robin (D:2)
  2 dart slugs (D:1)
  A ball python (D:1)
  11 goblins (D:2)
  2 kobolds (D:1)
  A bat (D:1)
18 creatures vanquished.

Notes
Turn   | Place    | Note
-------+----------+-------------------------------------------
     0 | D:1      | Plasmagod the Minotaur Monk began the quest for the Orb.
     0 | D:1      | Reached XP level 1. HP: 19/19 MP: 0/0
   182 | D:1      | Reached skill level 4 in Axes
   505 | D:1      | Reached XP level 2. HP: 22/26 MP: 1/1
   985 | D:2      | Noticed Robin
  1008 | D:2      | Killed Robin
  1009 | D:2      | Reached skill level 5 in Axes
  1009 | D:2      | Reached XP level 3. HP: 3/31 MP: 2/2
  1011 | D:2      | Slain by a hobgoblin

Illustrated notes

Levels and vault maps discovered:
D:1:      matt_arrival_grand_opening, layout_basic
D:2:      layout_loops_ring, ebering_ecumenical_altar_hall, uniq_sigmund,
          uniq_robin, uniq_jessica

Skill      XL: |  1  2 |
---------------+-------+-----
Axes           | 4 5 |  5.2
Fighting       | |  3.6
Dodging        | |  3.2
Stealth        | |  1.5

Action                   || total
-------------------------++-------
Melee: Hand axe          ||    38
       Headbutt          ||     6
Armor: Ring mail         ||    15
       Robe              ||     1
Dodge: Dodged            ||    23
